Map: Triton LE

Players

soul

  • Race: Terran Terran
  • League: Grandmaster
  • Spawn Location: 5:00

Cure - Winner!

  • Race: Terran Terran
  • League: Master
  • Spawn Location: 11:00

Event: HomeStory Cup XX

VOD

Have the link to the VOD?

Description

Time

  • Played on: Nov. 21, 2019, 5:47 a.m.
  • Length: 7:51

All games in this series

Show
View Real Time Build Order
Export as new Build Order

soul Terran 

Build Orders: Gas First Reaper Expand 

Get SALT Encoding   

  12  0:00  SCV  
  13  0:13  SCV  
  14  0:17  Supply Depot  
  14  0:25  SCV  
  14  0:28  Refinery  
  15  0:39  SCV  
  16  0:44  Barracks  
  16  0:51  SCV  
  17  1:03  SCV  
  18  1:15  SCV  
  19  1:31  Orbital Command, Reaper  
  20  1:48  Command Center  
  20  1:56  Factory  
  20  1:59  SCV  
  21  2:06  Barracks Reactor  
  21  2:13  SCV  
  22  2:15  Supply Depot  
  22  2:18  Refinery  
  22  2:26  SCV  
  22  2:38  SCV  
  22  2:40  Hellion  
  22  2:42  Marine x2  
  27  2:47  Starport  
  27  2:50  SCV  
  26  3:00  Marine  
  26  3:03  Hellion  
  26  3:04  Marine  
  23  3:16  SCV  
  23  3:18  Marine  
  25  3:23  Marine  
  25  3:27  Factory Tech Lab  
  25  3:29  SCV  
  26  3:35  Marine  
  26  3:41  Marine, SCV  
  29  3:53  SCV  
  30  3:59  Marine  
  30  4:00  Factory Tech Lab  
  30  4:01  Marine  
  32  4:03  Orbital Command  
  32  4:05  SCV  
  33  4:13  Raven  
  35  4:17  SCV  
  35  4:19  Marine  
  35  4:21  Marine  
  38  4:29  SCV  
  38  4:30  SCV  
  40  4:37  Marine  
  39  4:41  SCV  
  39  4:42  SCV  
  41  4:46  Siege Tank  
  41  4:49  Marine  
  43  4:53  Supply Depot, SCV  
  43  4:54  SCV  
  45  5:06  SCV  
  46  5:07  Supply Depot  
  46  5:14  Marine, SCV, Raven  
  46  5:18  SCV  
  51  5:22  Marine  
  51  5:26  SCV  
  53  5:30  SCV  
  54  5:38  SCV  
  54  5:40  Command Center  
  54  5:42  SCV  
  59  5:49  Supply Depot  
  59  5:51  SCV  
  59  5:56  Supply Depot  
  62  6:01  SCV  
  62  6:03  SCV  
  61  6:05  Siege Tank  
  61  6:10  Barracks  
  62  6:12  Barracks  
  62  6:13  Refinery, SCV  
  62  6:15  SCV  
  64  6:18  Viking  
  64  6:25  Viking, SCV  
  68  6:31  SCV  
  70  6:38  SCV  
  71  6:43  SCV  
  71  6:46  Engineering Bay  
  71  6:47  Engineering Bay  
  71  6:49  Siege Tank  
  71  6:50  SCV  
  76  6:55  SCV  
  76  6:56  Orbital Command  
  75  7:02  Marine, SCV, Barracks Reactor x2  
  75  7:07  SCV  
  78  7:12  Refinery  
  78  7:14  SCV  
  78  7:20  SCV  
  78  7:22  Marine  
  80  7:26  SCV x2  
  82  7:30  Supply Depot  
  82  7:31  Supply Depot  
  82  7:32  SCV  
  85  7:38  SCV  
Show
View Real Time Build Order
Export as new Build Order

Cure Terran - Winner!

Build Orders:  

Get SALT Encoding   

  12  0:00  SCV  
  13  0:12  SCV  
  14  0:17  Supply Depot  
  14  0:24  SCV  
  15  0:39  SCV  
  15  0:40  Barracks  
  16  0:42  Refinery  
  16  0:51  SCV  
  17  0:58  Barracks  
  17  1:03  SCV  
  18  1:15  SCV  
  19  1:27  Orbital Command, Reaper  
  20  1:35  Supply Depot  
  20  1:45  Reaper  
  21  1:53  SCV  
  22  2:03  Reaper  
  22  2:05  SCV  
  24  2:12  Command Center  
  24  2:18  SCV  
  25  2:23  Refinery  
  25  2:30  SCV  
  25  2:37  Supply Depot  
  25  2:42  SCV  
  26  2:44  Factory  
  26  2:47  Marine  
  26  2:49  Marine  
  28  2:54  SCV  
  29  3:06  SCV  
  29  3:13  Barracks Tech Lab, Barracks Reactor  
  29  3:18  SCV  
  30  3:24  Orbital Command  
  30  3:29  Factory Tech Lab  
  30  3:30  SCV  
  31  3:34  Marine  
  31  3:38  Starport  
  32  3:42  SCV  
  33  3:49  Cyclone  
  33  3:50  SCV  
  33  3:54  SCV  
  38  4:00  Command Center  
  39  4:02  SCV  
  39  4:06  SCV  
  39  4:07  Marine x2  
  39  4:09  Marine  
  42  4:15  SCV  
  44  4:19  Refinery, SCV  
  44  4:20  Raven  
  47  4:27  SCV  
  47  4:29  Supply Depot  
  47  4:30  Marine x2  
  47  4:31  SCV  
  50  4:39  SCV  
  50  4:42  Marine  
  50  4:43  SCV  
  50  4:44  Stimpack  
  50  4:45  Factory Reactor  
  52  4:48  Marine x2  
  52  4:50  Refinery  
  52  4:51  SCV  
  55  4:54  Supply Depot  
  55  4:55  SCV  
  56  5:00  Marine  
  56  5:03  SCV  
  56  5:06  Marine x2  
  60  5:07  SCV  
  60  5:11  Orbital Command  
  61  5:15  SCV  
  61  5:17  Engineering Bay  
  61  5:18  Engineering Bay  
  61  5:19  Marine  
  63  5:23  SCV  
  63  5:24  Marine x2  
  63  5:27  Medivac x2, SCV  
  71  5:30  Orbital Command  
  71  5:32  Siege Tank  
  71  5:35  Supply Depot  
  74  5:39  SCV x2  
  74  5:40  Marine  
  74  5:41  Marine  
  78  5:44  Supply Depot  
  78  5:46  Terran Infantry Weapons Level 1  
  78  5:49  Terran Infantry Armor Level 1  
  78  5:52  SCV  
  78  5:53  SCV  
  78  5:56  SCV  
  81  5:57  Marine  
  81  5:58  Marine  
  81  6:04  Siege Tank  
  86  6:09  SCV x3, Barracks  
  89  6:19  Supply Depot  
  89  6:20  Marine x2  
  89  6:21  Marine, SCV x2  
  89  6:22  SCV  
  89  6:23  Combat Shield  
  95  6:33  SCV, Barracks  
  95  6:34  SCV x2  
  95  6:36  Barracks  
  95  6:38  Siege Tank  
  101  6:42  Supply Depot  
  101  6:43  Supply Depot  
  101  6:47  SCV x3  
  101  6:49  Marine x2  
  101  6:50  Marine  
  107  6:59  SCV x2  
  109  7:04  Medivac x2, SCV  
  109  7:06  Supply Depot x2  
  109  7:08  Armory  
  114  7:11  SCV x2  
  114  7:13  Barracks Reactor  
  116  7:16  Marine x3, SCV  
  116  7:20  Refinery  
  116  7:21  Refinery  
  120  7:24  Sensor Tower  
  120  7:25  SCV x2  
  120  7:28  SCV  
  120  7:29  Supply Depot  
  123  7:30  Supply Depot  
  123  7:32  Barracks Reactor x2  
  123  7:33  Supply Depot  
Tags
 
Add a new tag
Caveats
  • Supply blocks, unpowered buildings, or Contaminate may cause inaccurate times.
  • Supply counts are checked every 10 seconds.